 Dungeon Crawl Stone Soup version 0.29.1-1-gd02db6906a (webtiles) character file.

Game seed: 18414040488861671661

2 tardwrangler69 the Chopper (level 1, -2/18 (20) HPs)
             Began as a Minotaur Chaos Knight on Sept 28, 2022.
             Slain by a crimson imp (3 damage)
             ... summoned by Xom
             ... on level 1 of the Dungeon.
             The game lasted 00:00:35 (143 turns).

tardwrangler69 the Chopper (Minotaur Chaos Knight)   Turns: 143, Time: 00:00:36

HP:   -2/18 (20)    AC:  5    Str: 16    XL:     1   Next: 25%
MP:   0/0           EV: 11    Int:  9    God:
Gold: 44            SH:  0    Dex:  9    Spells: 0/0 levels left

rFire   . . .      SeeInvis .   a - +0 hand axe (chaos)
rCold   . . .      Faith    .   (no shield)
rNeg    . . .      Spirit   .   b - +2 leather armour
rPois   .          Reflect  .   (helmet restricted)
rElec   .          Harm     .   (no cloak)
rCorr   .          Rampage  .   (no gloves)
Will    .....                   (no boots)
Stlth   +.........              (no amulet)
HPRegen 0.06/turn               (no ring)
MPRegen 0.07/turn               (no ring)

@: heavily drained
A: horns 2, retaliatory headbutt
a: no special abilities


You were on level 1 of the Dungeon.
You visited 1 branch of the dungeon, and saw 1 of its levels.

You collected 44 gold pieces.

Inventory:

Hand Weapons
 a - a +0 hand axe of chaos (weapon)
Armour
 b - a +2 leather armour (worn)
Potions
 e - a potion of curing {unknown}
Miscellaneous
 c - a piece from Xom's chessboard (15/15) (quivered)


   Skills:
 + Level 3.6 Fighting
 * Level 3.7 Axes
 - Level 2.4 Armour
 - Level 1.1 Dodging


You couldn't memorise any spells.
You didn't know any spells.
Your spell library was empty.

Dungeon Overview and Level Annotations

Branches:
Dungeon (1/15)

Altars:


Innate Abilities, Weirdness & Mutations

You have a pair of horns on your head.
You reflexively headbutt those who attack you in melee.


Message History

The bat closely misses you.
You miss the bat. The bat hits you but does no damage. x2
You hit the bat.
The bat suddenly seems more agile.
The bat is severely wounded.
The bat hits you but does no damage.
No target in view!
No target in view!
No target in view!
Found a sling.
Found a stone staircase leading down.
The bat barely misses you.
A bat is nearby!
A bat is nearby!
A bat is nearby!
The bat hits you but does no damage.
You hit the bat.
You kill the bat!
No target in view!
No target in view!
No target in view!
You see here a bat corpse.
You now have 44 gold pieces (gained 14).
Found a robe.
f - a scroll labelled NIT OGOLIDUO "Fight to survive, mortal."
There are monsters nearby!
You hit the crimson imp.
The crimson imp's magic leaks into the air.
Your headbutt misses the crimson imp.
The crimson imp is heavily wounded.
You hit the iron imp. You closely miss the ufetubus.
You hit the chaos spawn but do no damage.
As you read the scroll labelled NIT OGOLIDUO, it crumbles to dust.
The creatures around you are filled with an inner flame!
It was a scroll of immolation.
The ufetubus closely misses you. x2
The crimson imp closely misses you. The chaos spawn hits you!
You feel drained.
It was a potion of magic.
Magic courses through your body. The ufetubus barely misses you.
The ufetubus hits you. The iron imp hits you!
Ouch! That really hurt!
* * * LOW HITPOINT WARNING * * *
The crimson imp hits you.
You die...

...#.########....#####.#
...#...................†
........##.##..#.#####.#
...............#.# #....
.................# #.#..
#.....#..#####.###.#..
#...555............#.#
#.###5##.####.........
#@##.# #..#####.#
.....55455......... #..
..#.#3####.####..##..#.#
#. #.# #..##..#. # #.#
##........ .# #.....#..
...... ...#.. ......


You could see a smoke demon (summoned, inner flame), a chaos spawn (summoned,
inner flame), an iron imp (summoned, inner flame), a crimson imp (summoned,
inner flame, magic disrupted), a white imp (summoned, inner flame), 4 shadow
imps and an ufetubus (summoned, inner flame).

Vanquished Creatures
  A hobgoblin (D:1)
  A bat (D:1)
2 creatures vanquished.

Notes
Turn   | Place    | Note
-------+----------+-------------------------------------------
     0 | D:1      | tardwrangler69 the Minotaur Chaos Knight began the quest
                  | for the Orb.
     0 | D:1      | Reached XP level 1. HP: 19/19 MP: 0/0
     0 | D:1      | Fell from the grace of Xom
   140 | D:1      | XOM: summons 10 hostile demons
   141 | D:1      | Noticed a smoke demon
   141 | D:1      | Noticed a crimson imp
   141 | D:1      | Noticed an iron imp
   141 | D:1      | Noticed a chaos spawn
   143 | D:1      | Slain by a crimson imp

Illustrated notes

Levels and vault maps discovered:
D:1:      heliophobic_arrival_glass_houses, layout_basic,
          chequers_ecumenical_altar_simple

Action                   || total
-------------------------++-------
Melee: Hand axe          ||     8
       Headbutt          ||     1
Invok: Renounce Religion ||     1
  Use: Scroll            ||     1
       Potion            ||     1
Armor: Leather armour    ||     4
Dodge: Dodged            ||    10
